 Dungeon Crawl Stone Soup version 0.32-a0-643-ga006e7742e (webtiles) character file.

Game seed: 9520928775974011712

1757931 yetimobile the Scorcher (level 25, 215/215 HPs)
             Began as a Demigod Fire Elementalist on Mar 3, 2024.
             Escaped with the Orb
             ... and 4 runes on Mar 8, 2024!
             The game lasted 07:04:57 (118248 turns).

yetimobile the Scorcher (DgFE)                    Turns: 118248, Time: 07:04:58

Health: 215/215    AC: 21    Str: 17    XL:     25   Next: 95%
Magic:  48/48      EV: 19    Int: 47    God:
Gold:   1974       SH: 11    Dex: 26    Spells: 3/54 levels left

rFire   + + +        a - +11 Singing Sword {sonic wave}
rCold   x . .        G - +3 buckler {rF+}
rNeg    + + +        O - +3 scale mail of Contumacious Knowledge {Str+2 Int+2 Dex+3}
rPois   +            K - +2 helmet "Qasoap" {Rampage rPois rN+++ Stlth+}
rElec   .            N - +0 cloak of the Thief {Quiet Slay-3 SInv Stlth+}
rCorr   .            m - +2 pair of gloves of Alom {rF+ Str+3}
SInv    +            p - +2 pair of boots
Will    +++..        U - amulet "Quasoz" {Faith Will+ Regen+ Int+4}
Stlth   ++           Z - ring of wizardry
HPRegen 1.35/turn    C - ring "Amumiyfu" {Fire Str+3 Dex+3}
MPRegen 0.31/turn

%: rampage, faith, wizardry (x1)
@: studying 3 skills
A: high MP 1, forlorn, divine attributes, clumsy 1, deformed body, deterioration
1, screaming 1, inability to read after injury 1
0: Orb of Zot
}: 4/15 runes: decaying, slimy, silver, gossamer
a: no special abilities


You escaped.
You visited 11 branches of the dungeon, and saw 55 of its levels.
You also visited: Trove, Bailey and Ice Cave.

You collected 8305 gold pieces.
You spent 6331 gold pieces at shops.

Inventory:

Hand Weapons
 a - the +11 Singing Sword (weapon) {sonic wave}
   (You found it on level 8 of the Dungeon)
 b - the +8 morningstar of Descent {speed, rC+ Str+5 Dex-2 Stlth+}
   (You found it on level 5 of the Lair of Beasts)

   Str+5:     It affects your strength (+5).
   Dex-2:     It affects your dexterity (-2).
   rC+:       It protects you from cold.
   Stlth+:    It makes you more stealthy.
 z - the +1 dagger of Causality {protect, rElec rC+ Int+2}
   (You took it off an orc priest on level 7 of the Dungeon)

   Int+2:     It affects your intelligence (+2).
   rC+:       It protects you from cold.
   rElec:     It insulates you from electricity.
 H - the +8 demon trident "Rift" {distort, reach+}
   (You found it on level 5 of the Pits of Slime)
Missiles
 s - 11 curare-tipped darts
Armour
 m - the +2 pair of gloves of Alom (worn) {rF+ Str+3}
   (You found it on level 4 of the Spider Nest)

   Str+3:     It affects your strength (+3).
   rF+:       It protects you from fire.
 p - a +2 pair of boots (worn)
 x - an orb of energy
 y - a +3 kite shield of protection
 G - a +3 buckler of fire resistance (worn)
 K - the +2 helmet "Qasoap" (worn) {Rampage rPois rN+++ Stlth+}
   (You bought it in a shop on level 1 of the Orcish Mines)

   rPois:     It protects you from poison.
   rN+++:     It renders you almost immune to negative energy.
   Rampage:   It bestows one free step when moving towards enemies.
   Stlth+:    It makes you more stealthy.
 N - the +0 cloak of the Thief (worn) {Quiet Slay-3 SInv Stlth+}
   (You found it on level 3 of the Elven Halls)

   Quiet:     All noise in your surroundings is dampened.
   Slay-3:    It affects your accuracy & damage with ranged weapons and melee
   (-3).
   SInv:      It lets you see invisible.
   Stlth+:    It makes you more stealthy.
 O - the +3 scale mail of Contumacious Knowledge (worn) {Str+2 Int+2 Dex+3}
   (You bought it in a shop on level 4 of the Dungeon)

   Str+2:     It affects your strength (+2).
   Int+2:     It affects your intelligence (+2).
   Dex+3:     It affects your dexterity (+3).
Magical Staves
 j - a staff of fire
Jewellery
 c - the ring "Lecs" {rC+ rCorr Int+3}
   (You bought it in a shop on level 2 of the Elven Halls)

   [ring of resist corrosion]

   Int+3:     It affects your intelligence (+3).
   rC+:       It protects you from cold.
   rCorr:     It protects you from acid and corrosion.
 t - the ring "Esifae Nouts" {rPois rC++ Will- Dex+3 SInv}
   (You took it off a vampire on level 12 of the Dungeon)

   [ring of poison resistance]

   Dex+3:     It affects your dexterity (+3).
   rC++:      It greatly protects you from cold.
   rPois:     It protects you from poison.
   Will-:     It decreases your willpower.
   SInv:      It lets you see invisible.
 C - the ring "Amumiyfu" (right hand) {Fire Str+3 Dex+3}
   (You found it on level 2 of the Vaults)

   [ring of fire]

   Fire:      It enhances your fire magic.
   Str+3:     It affects your strength (+3).
   Dex+3:     It affects your dexterity (+3).
   rF+:       It protects you from fire.
   rC-:       It makes you vulnerable to cold.
 F - the ring of Necku {Ice Will- Str+8}
   (You found it on level 5 of the Vaults)

   [ring of ice]

   Ice:       It enhances your ice magic.
   Str+8:     It affects your strength (+8).
   rF-:       It makes you vulnerable to fire.
   rC+:       It protects you from cold.
   Will-:     It decreases your willpower.
 I - a +6 ring of intelligence
 U - the amulet "Quasoz" (around neck) {Faith Will+ Regen+ Int+4}
   (You took it off a deep elf high priest on level 3 of the Elven Halls)

   [amulet of faith]

   Faith:     It allows you to gain divine favour quickly.
   Int+4:     It affects your intelligence (+4).
   Will+:     It increases your willpower.
   Regen+:    It increases your rate of health regeneration.
 Z - a ring of wizardry (left hand)
Wands
 e - a wand of mindburst (65)
 A - a wand of roots (81)
 E - a wand of polymorph (39)
 M - a wand of digging (33)
 V - a wand of paralysis (29)
 W - a wand of light (18)
Scrolls
 d - 5 scrolls of summoning
 k - 7 scrolls of blinking
 r - 2 scrolls of revelation
 u - 21 scrolls of teleportation
 w - 6 scrolls of fear
 P - 9 scrolls of vulnerability {!r}
 Q - 5 scrolls of immolation {!r}
 Y - 6 scrolls of fog
Potions
 l - 3 potions of invisibility
 n - 3 potions of magic
 q - 5 potions of might
 v - 9 potions of ambrosia
 B - 2 potions of cancellation
 D - 3 potions of resistance
 J - 22 potions of curing
 L - 6 potions of enlightenment
 R - 4 potions of haste
 S - 2 potions of berserk rage
 T - 5 potions of brilliance
 X - 5 potions of heal wounds
Miscellaneous
 f - a lightning rod (4/4)
 g - a condenser vane
 h - a phantom mirror
 i - a phial of floods
 o - a box of beasts


   Skills:
 - Level 15.6 Fighting
 - Level 16.0 Long Blades
 - Level 7.1 Maces & Flails
 - Level 5.0 Ranged Weapons
 - Level 12.5 Armour
 - Level 12.2 Dodging
 - Level 6.9 Stealth
 - Level 10.8 Shields
 + Level 15.4 Spellcasting
 - Level 16.2 Conjurations
 - Level 10.4 Summonings
 - Level 11.0 Translocations
 - Level 20.7 Fire Magic
 - Level 4.2 Ice Magic
 - Level 3.6 Air Magic
 - Level 3.8 Alchemy
 - Level 13.0 Evocations


You had 3 spell levels left.
You knew the following spells:

 Your Spells              Type           Power      Damage    Failure   Level
a - Mephitic Cloud        Conj/Alch/Air  84%        N/A       1%          3
c - Freezing Cloud        Conj/Ice/Air   42%        6-21      1%          5
d - Orb of Destruction    Conj           56%        9d14      1%          7
g - Malign Gateway        Summ/Tloc      47%        N/A       8%          7
i - Irradiate             Conj/Alch      46%        3d27      1%          5
m - Manifold Assault      Tloc           96%        N/A       1%          4
n - Ignition              Fire           74%        3d19      1%          8
p - Plasma Beam           Fire/Air       61%        2x1d77    1%          6
u - Passage of Golubria   Tloc           96%        N/A       1%          4
B - Blink                 Tloc           100%       N/A       1%          2

Your spell library contained the following spells:

 Spells                   Type           Power      Damage    Failure   Level
 Foxfire                  Conj/Fire      100%       2x1d9     0%          1
 Magic Dart               Conj           100%       1d8       0%          1
 Momentum Strike          Conj/Tloc      100%       3d10      0%          2
 Scorch                   Fire           100%       2d9       0%          2
 Volatile Blastmotes      Fire/Tloc      100%       2d18      0%          3
 Freeze                   Ice            100%       1d10      1%          1
 Necrotise                Necr           100%       1d9       1%          1
 Sandblast                Erth           72%        2d16      1%          1
 Shock                    Conj/Air       100%       1d9       1%          1
 Slow                     Hex            100%       N/A       1%          1
 Sting                    Conj/Alch      100%       1d9       1%          1
 Summon Small Mammal      Summ           100%       N/A       1%          1
 Call Imp                 Summ           100%       N/A       1%          2
 Ensorcelled Hibernation  Hex/Ice        100%       N/A       1%          2
 Jinxbite                 Hex            72%        N/A       1%          2
 Lesser Beckoning         Tloc           100%       N/A       1%          2
 Mercury Vapours          Alch/Air       100%       N/A       1%          2
 Sublimation of Blood     Necr           36%        N/A       1%          2
 Call Canine Familiar     Summ           94%        N/A       1%          3
 Frozen Ramparts          Ice            100%       1d16      1%          3
 Gell's Gravitas          Tloc           96%        N/A       1%          3
 Hailstorm                Conj/Ice       93%        3d15      1%          3
 Inner Flame              Hex/Fire       100%       N/A       1%          3
 Ozocubu's Armour         Ice            66%        N/A       1%          3
 Stone Arrow              Conj/Erth      100%       3d13      1%          3
 Summon Ice Beast         Ice/Summ       81%        N/A       1%          3
 Teleport Other           Tloc           96%        N/A       1%          3
 Confusing Touch          Hex            36%        N/A       2%          3
 Fugue of the Fallen      Necr           36%        N/A       2%          3
 Passwall                 Erth           36%        N/A       2%          3
 Sigil of Binding         Hex            36%        N/A       2%          3
 Tukima's Dance           Hex            36%        N/A       2%          3
 Vampiric Draining        Necr           36%        2d8       2%          3
 Flame Wave               Conj/Fire      100%       2d21      0%          4
 Brom's Barrelling Bould  Conj/Erth      84%        2d10      1%          4
 Dimensional Bullseye     Hex/Tloc       36%        N/A       1%          4
 Fulminant Prism          Conj/Alch      46%        3d20      1%          4
 Ignite Poison            Fire/Alch      100%       N/A       1%          4
 Iskenderun's Mystic Bla  Conj/Tloc      100%       2d19      1%          4
 Martyr's Knell           Necr/Summ      71%        N/A       1%          4
 Olgreb's Toxic Radiance  Alch           64%        N/A       1%          4
 Sticky Flame             Fire/Alch      100%       2d15      1%          4
 Summon Blazeheart Golem  Fire/Summ      100%       N/A       1%          4
 Vhi's Electric Charge    Tloc/Air       100%       N/A       1%          4
 Arcjolt                  Conj/Air       46%        1d56      1%          5
 Fireball                 Conj/Fire      71%        3d27      1%          5
 Iskenderun's Battlesphe  Conj           100%       2d15      1%          5
 Summon Forest            Summ/Tloc      47%        N/A       1%          5
 Conjure Ball Lightning   Conj/Air       46%        3x3d16    1%          6
 Dispersal                Tloc           48%        N/A       1%          6
 Starburst                Conj/Fire      71%        6d18      1%          6
 Summon Cactus Giant      Summ           47%        N/A       1%          6
 Summon Mana Viper        Hex/Summ       71%        N/A       2%          5
 Leda's Liquefaction      Alch/Erth      26%        N/A       3%          4
 Petrify                  Alch/Erth      53%        N/A       3%          4
 Anguish                  Hex/Necr       18%        N/A       8%          4
 Cause Fear               Hex            18%        N/A       8%          4
 Metabolic Englaciation   Hex/Ice        27%        N/A       9%          5
 Summon Hydra             Summ           47%        N/A       9%          7
 Yara's Violent Unravell  Hex/Alch       26%        3d11      10%         5
 Borgnjor's Vile Clutch   Necr/Erth      18%        N/A       21%         5
 Curse of Agony           Necr           36%        N/A       21%         5
 Sculpt Simulacrum        Ice/Alch       32%        N/A       22%         6
 Fire Storm               Conj/Fire      71%        8d18      36%         9
 Disjunction              Tloc           48%        N/A       45%         8
 Summon Horrible Things   Summ           47%        N/A       52%         8
 Haunt                    Necr/Summ      35%        N/A       56%         7
 Ozocubu's Refrigeration  Ice            33%        4d14      69%         7
 Enfeeble                 Hex            18%        N/A       99%         7
 Discord                  Hex            18%        N/A       100%        8
 Infestation              Necr           18%        N/A       100%        8
 Maxwell's Capacitive Co  Air            31%        death     100%        8
 Chain Lightning          Conj/Air       46%        3d61      100%        9
 Death's Door             Necr           18%        N/A       100%        9
 Dragon's Call            Summ           47%        N/A       100%        9
 Polar Vortex             Ice            33%        12d4*     100%        9
 Shatter                  Erth           18%        3d17*     100%        9


Dungeon Overview and Level Annotations

Branches:
Dungeon (15/15)            Temple (0/1) D:5            Lair (5/5) D:10
  Swamp (4/4) Lair:3       Spider (4/4) Lair:2        Slime (5/5) Lair:5
    Orc (2/2) D:9             Elf (3/3) Orc:2        Vaults (5/5) D:14
  Crypt (3/3) Vaults:2       Tomb (0/3) Crypt:3      Depths (4/4) D:15
    Zot (5/5) Depths:4     Bailey (visited)           IceCv (visited)

Shops:
D:4 (![[:   D:5 =   D:12 **   Orc:1 [   Orc:2 *![:   Elf:2 =   Vaults:1 !*[[*
Vaults:4 (   Depths:1 =   Depths:4 ?(

Portals:
Hell: Depths:1 Depths:2 Depths:3 Depths:4
Abyss: Depths:3 Depths:4
Pandemonium: Depths:2
Ziggurat: Depths:1

Annotations:
D:6 1 runed translucent door, exclusion: door, Crazy Yiuf
D:10 3 runed translucent doors, DiddlyDoom's ghost, journeyman GrBe
D:14 Roxanne
Lair:4 Rupert; Urug
Elf:2 5 runed translucent doors, exclusion: 5 doors


Innate Abilities, Weirdness & Mutations

You have an increased reservoir of magic. (+10% MP)
You shall have no god before yourself.
Your divine heritage dramatically boosts your attributes as you level up.
You are clumsy. (Dex -2)
Armour fits poorly on your strangely shaped body.
Your body sometimes deteriorates upon taking damage.
You occasionally shout uncontrollably at your foes.
You occasionally lose the ability to read scrolls when taking damage.


Message History

Press: ? - help, v - describe, . - travel
Here: a daeva, wielding a +4 scimitar of holy wrath and wearing a +0 tower shield (haloed)
The floor.
You feel a surge of power!
The bolt of lightning hits the daeva!!!
The daeva is heavily wounded.
The fiery plasma hits the daeva!!!
You kill the daeva!
There is a stone staircase leading up here.
You climb upwards.
Level annotation: 1 runed translucent door, exclusion: door, Crazy Yiuf
There is a stone staircase leading down here.
You climb downwards.
There is a stone staircase leading up here.
What level of the Dungeon? (default 7, ? - help)
You climb upwards.
Level annotation: 1 runed translucent door, exclusion: door, Crazy Yiuf
There is a stone staircase leading down here.
There is a stone staircase leading up here.
You climb upwards.
There is a stone staircase leading down here.
There is a stone staircase leading up here.
You climb upwards.
There is a stone staircase leading down here.
A hell hound comes into view.
The hell hound moves out of view.
There is a stone staircase leading up here.
You climb upwards.
There is a stone staircase leading down here.
Magic restored.
There is a stone staircase leading up here.
You climb upwards.
A Hell Sentinel comes into view.
There is a stone staircase leading down here.
You can't see any susceptible monsters within range! (Use Z to cast anyway.)
There is a stone staircase leading up here.
You climb upwards.
There is a stone staircase leading down here.
You're already here!
There is a staircase leading out of the dungeon here.
You have escaped!

##......#...#.##.......#.# #..#
.#......'...####.#######.# #..#
.#......###.#..........#.#####..#
........# #...##..##...#.........
.#####..# #...##..##...#######..#
.#####..###.##..##..##.# #..#
............##..##..##.# #..#
.#####..####^.##..##...# #..#
.#......# #..##p.##...# #..#
.#.###.#######..##..##.#######..#
.#.# #......##..##..##..........#
.#.# ######...##..##............#
.#.########...##..##...#.####.#.#
.#.....................#.........
.#.####...#.#########.##.#.##.##.
.#....'...#.##...................
.######...#.#######.#.##.#....##.


There were no monsters in sight!

Vanquished Creatures
  the Royal Jelly (Slime:5)
  2 orbs of fire (Zot:5)
  4 dread liches (Zot:5)
  5 ancient liches
  Mara (Swamp:3)
  Xtahua (Crypt:3)
  A royal mummy (Crypt:3)
  3 Killer Klowns
  Saint Roka (Vaults:1)
  Margery (Crypt:3)
  2 curse toes
  Nikola (Swamp:1)
  A profane servitor (Crypt:3)
  5 golden dragons
  Arachne (Spider:2)
  A bone dragon (Crypt:3)
  4 electric golems
  17 tentacled monstrosities
  Jorgrun (D:14)
  2 walking crystal tomes
  4 liches
  5 quicksilver dragons
  A searing wretch (Crypt:3)
  5 titans (Vaults:5)
  Asterion (Depths:1)
  27 Orb Guardians
  2 deep elf blademasters (Elf:3)
  12 acid blobs
  A sphinx (Vaults:1)
  6 death cobs
  3 ancient champions
  Gastronok (Lair:3)
  4 tengu reavers
  2 thorn hunters
  Aizul (Spider:2)
  11 storm dragons
  6 shadow dragons
  11 rockslimes
  9 azure jellies
  Donald (Spider:2)
  A protean progenitor (Zot:3)
  A daeva (D:7)
  6 fire giants
  3 draconian knights
  5 draconian monks
  11 deep elf sorcerers
  A fenstrider witch (Swamp:4)
  A revenant (Crypt:2)
  9 frost giants
  4 deep elf elementalists (Elf:3)
  A juggernaut zombie (Crypt:3)
  An iron dragon (Vaults:4)
  A draconian shifter (Zot:2)
  13 emperor scorpions
  A draconian scorcher (Zot:2)
  10 vault wardens
  Louise (D:14)
  4 curse skulls
  12 ghost moths
  2 draconian annihilators (Zot:2)
  3 caustic shrike zombies (Crypt:3)
  A draconian stormcaller (Zot:1)
  A balrug (Depths:1)
  3 orc warlords
  9 quicksilver oozes
  2 reapers
  18 ironbound preservers
  9 very ugly things
  6 formless jellyfish
  22 ghouls
  3 broodmothers
  2 ironbound thunderhulks (Vaults:2)
  16 stone giants
  12 vampire knights
  2 black draconians
  Nessos (Orc:2)
  6 green draconians
  14 deep elf annihilators
  6 deep elf death magi
  5 deep elf demonologists
  6 eleionomae
  A lorocyproca (Depths:1)
  3 war gargoyles
  11 dire elephants
  2 purple draconians
  3 bunyips
  Azrael (Elf:1)
  3 red draconians
  8 spark wasps
  4 white draconians
  4 yellow draconians
  14 eidola
  21 jiangshi
  9 ettins
  A crystal guardian (Vaults:1)
  6 deep elf high priests
  2 spriggan zombies (Crypt:3)
  2 shambling mangroves
  12 fire dragons
  Fannar (D:12)
  10 great orbs of eyes
  16 yaktaur captains
  2 fenstrider witch zombies
  3 entropy weavers
  10 ice dragons
  Erolcha (D:12)
  24 hydras
  3 spriggan air magi
  3 jorogumos
  3 peacekeepers
  31 vault guards
  3 rakshasas
  A spriggan skeleton (Crypt:2)
  2 ogre magi
  A radroach (Spider:4)
  5 ghost crabs
  4 death knights
  14 alligators
  7 ironbound frosthearts
  2 catoblepae
  6 centaur warriors
  16 dancing weapons
  4 two-headed ogres
  An azure jelly zombie (Crypt:2)
  4 deep troll shamans
  6 boulder beetles
  12 demonic crawlers
  20 death yaks
  13 vampire magi
  2 deep troll earth magi
  10 tengu warriors
  2 orc high priests (Vaults:1)
  Nergalle (Lair:1)
  2 spriggan berserkers (Depths:4)
  A titan zombie (Crypt:3)
  Sonja (Lair:2)
  17 deep elf knights
  4 hell knights
  15 spriggans
  A bunyip zombie (Crypt:3)
  A salamander mystic (Depths:3)
  4 pharaoh ants
  5 shadow wraiths
  An anaconda zombie (Crypt:2)
  31 skeletal warriors
  2 spriggan druids
  2 death drakes
  5 goliath frogs
  12 flayed ghosts
  8 glowing orange brains
  9 orb spiders
  8 swamp dragons
  41 deep trolls
  2 spectral hydras (Swamp:4)
  2 sun moths
  4 arcanists
  15 bog bodies
  10 deep elf archers
  A tengu zombie (Depths:1)
  Pikel (D:6)
  2 spectral alligators (Swamp:4)
  8 steelbarb worms
  A golden dragon zombie (Crypt:3)
  31 phantasmal warriors
  18 lindwurms
  21 ironbound convokers
  27 deep elf pyromancers
  A stone giant zombie (Vaults:3)
  6 orc sorcerers
  15 orc knights
  7 necromancers
  5 thermic dynamos
  37 ugly things
  17 deep elf zephyrmancers
  An iron dragon zombie (Crypt:2)
  18 wolf spiders
  A cyclops (shapeshifter) (Elf:2)
  2 salamanders (Depths:3)
  A frost giant zombie (Depths:1)
  3 cyclopes
  Maurice (D:12)
  A human zombie (Crypt:3)
  6 shining eyes
  An alligator zombie (Swamp:4)
  A manticore (shapeshifter) (Depths:1)
  9 will-o-the-wisps
  A manticore (D:15)
  6 meliai
  An elephant (shapeshifter) (Depths:4)
  8 elephants (Lair:5)
  2 centaur zombies
  24 moths of wrath
  A formless jellyfish zombie (Crypt:1)
  2 smoke demons (Depths:1)
  A fire giant skeleton (Depths:1)
  A frost giant skeleton (Depths:1)
  A stone giant skeleton (Depths:1)
  3 eyes of devastation (Slime:5)
  A moth of wrath (shapeshifter) (Vaults:5)
  2 black mambas
  2 kobold blastminers (Orc:1)
  3 naga zombies (Crypt:3)
  An ice statue (IceCv)
  24 vault sentinels
  A minotaur zombie (Crypt:3)
  4 gargoyles
  4 unseen horrors
  7 torpor snails
  9 cane toads
  3 centaur skeletons
  2 hellions (Elf:2)
  7 komodo dragons
  36 yaktaurs
  A kobold demonologist (D:12)
  4 freezing wraiths
  15 rime drakes
  Psyche (D:11)
  4 swamp worm zombies (Swamp:4)
  3 tengu conjurers
  An efreet (D:14)
  2 yaktaur skeletons (Vaults:3)
  A harpy zombie (Crypt:3)
  A black draconian skeleton (Crypt:1)
  A merfolk (shapeshifter) (Vaults:5)
  A green draconian skeleton (Crypt:1)
  A pale draconian skeleton (Crypt:1)
  An unseen horror skeleton (Crypt:2)
  3 hydra zombies (Swamp:4)
  An iron troll skeleton (Crypt:2)
  A troll (shapeshifter) (D:13)
  5 trolls
  27 tarantellas
  A bloated husk (Swamp:4)
  9 polar bears
  Prince Ribbit (Lair:1)
  16 hornets
  11 tyrant leeches
  Grinder (D:6)
  14 blink frogs
  5 dream sheep (Lair:5)
  4 spectral swamp dragons (Swamp:4)
  A glass eye (shapeshifter) (Elf:3)
  6 glass eyes
  127 slime creatures
  18 culicivoras
  A black mamba zombie (Crypt:1)
  2 centaur simulacra
  3 shadows
  3 wyverns
  Sigmund (D:2)
  3 air elementals
  22 jumping spiders
  3 ushabtiu (Crypt:3)
  6 vampires
  4 water elementals
  5 basilisks
  53 yaks
  9 wraiths
  2 steam dragons
  Grum (Lair:1)
  16 vampire mosquitoes
  11 wargs
  3 fire elementals
  17 golden eyes
  5 tyrant leech zombies (Swamp:4)
  52 redbacks
  10 swamp worms
  3 acid dragons
  15 water moccasins
  2 hell hounds (Elf:1)
  An ettin simulacrum (Vaults:3)
  3 sky beasts
  A snapping turtle zombie (Crypt:2)
  34 orc warriors
  A deep troll skeleton (Crypt:1)
  A black bear (shapeshifter) (D:12)
  2 black bears
  An ice beast (D:7)
  4 swamp dragon zombies (Swamp:4)
  14 boggarts
  A lindwurm zombie (Crypt:2)
  A tengu (shapeshifter) (D:12)
  25 wolves
  6 ogres
  4 laughing skulls
  A snapping turtle skeleton (Crypt:2)
  3 centaurs
  7 phantoms
  3 kobold brigands
  Blork the orc (D:4)
  12 bullfrogs
  2 gnoll sergeants
  3 earth elementals (Elf:1)
  11 scorpions
  24 wights
  9 wyvern skeletons (Crypt:3)
  A warg skeleton (Crypt:2)
  3 killer bees (D:9)
  A raiju zombie (Crypt:2)
  4 howler monkeys
  6 electric eels
  3 bombardier beetles
  A wolf skeleton (Crypt:1)
  7 hounds
  11 jellies
  19 orc priests
  3 iguanas
  2 sleepcaps
  Jessica (D:2)
  Natasha (twice) (D:4)
  29 orc wizards
  2 boggart skeletons (D:14)
  10 gnolls
  10 adders
  A swamp drake skeleton (Crypt:1)
  3 shadow imps
  2 white imps
  2 ufetubi (D:5)
  A jelly zombie (Crypt:2)
  3 dart slugs
  A ribbon worm (D:2)
  80 orcs
  6 endoplasms
  10 giant cockroaches
  14 goblins
  14 hobgoblins
  3 quokkas
  A training dummy (Depths:4)
  5 ball pythons
  A ball python zombie (Crypt:1)
  7 bats
  6 frilled lizards
  A hobgoblin zombie (Crypt:1)
  19 kobolds
  An orc zombie (Crypt:1)
  6 rats
2373 creatures vanquished.

Vanquished Creatures (collateral kills)
  An orb of fire (Zot:5)
  A Killer Klown (Zot:5)
  A tentacled monstrosity (Depths:3)
  A demonic crawler (Spider:2)
  An adder (D:4)
  2 foxfires
7 creatures vanquished.

Vanquished Creatures (others)
  An eldritch tentacle (Zot:5)
  A spriggan (Swamp:1)
  A deep elf zephyrmancer (Elf:1)
  4 bloated husks
  A hornet (Swamp:1)
  A culicivora (Spider:4)
  An orc (Orc:2)
  930 foxfires
940 creatures vanquished.

Grand Total: 3320 creatures vanquished

Notes
Turn   | Place    | Note
-------+----------+-------------------------------------------
     0 | D:1      | yetimobile the Demigod Fire Elementalist began the quest
                  | for the Orb.
     0 | D:1      | Reached XP level 1. HP: 14/14 MP: 5/5
   124 | D:1      | Reached skill level 1 in Conjurations
   344 | D:1      | Reached skill level 3 in Fire Magic
   483 | D:1      | Reached XP level 2. HP: 20/20 MP: 5/7
   486 | D:1      | Learned a level 2 spell: Scorch
  1273 | D:2      | Reached skill level 2 in Conjurations
  1273 | D:2      | Reached XP level 3. HP: 21/26 MP: 4/8
  1280 | D:2      | Noticed Jessica
  1699 | D:2      | Reached XP level 4. HP: 33/33 MP: 4/9
  1918 | D:2      | Killed Jessica
  1919 | D:2      | Reached skill level 3 in Conjurations
  1919 | D:2      | Reached skill level 4 in Fire Magic
  1995 | D:2      | Noticed Sigmund
  2007 | D:2      | Killed Sigmund
  2008 | D:2      | Reached XP level 5. HP: 33/38 MP: 4/10
  2443 | D:3      | Reached skill level 4 in Conjurations
  2443 | D:3      | Reached XP level 6. HP: 45/45 MP: 4/11
  2454 | D:3      | Learned a level 4 spell: Flame Wave
  2797 | D:3      | Reached skill level 5 in Fire Magic
  3307 | D:4      | Noticed Blork the orc
  3307 | D:4      | Noticed a water moccasin
  3317 | D:4      | Found Farraocw's Antique Armour Boutique.
  3334 | D:4      | Found Heschodunk's Antique Armour Boutique.
  3423 | D:4      | Killed Blork the orc
  3528 | D:4      | Killed a water moccasin
  3529 | D:4      | Reached skill level 5 in Conjurations
  3529 | D:4      | Reached XP level 7. HP: 50/50 MP: 5/12
  3629 | D:4      | Noticed Natasha
  3657 | D:4      | Found Qyuhaujydgh's Book Shop.
  3687 | D:4      | Killed Natasha
  3788 | D:4      | Reached skill level 6 in Fire Magic
  3857 | D:4      | Found Racs's Distillery.
  3868 | D:4      | Bought a potion of curing for 36 gold pieces
  4267 | D:4      | Found Kiyfug's Antique Weapon Emporium.
  4273 | D:4      | Noticed Natasha
  4279 | D:4      | Killed Natasha
  4320 | D:4      | Reached skill level 6 in Conjurations
  4486 | D:5      | Entered Level 5 of the Dungeon
  4548 | D:5      | Found Hasiapi's Jewellery Boutique.
  4641 | D:5      | Reached XP level 8. HP: 57/57 MP: 3/13
  4672 | D:5      | Reached skill level 7 in Fire Magic
  5575 | D:5      | Found a staircase to the Ecumenical Temple.
  5659 | D:6      | Reached skill level 7 in Conjurations
  5664 | D:6      | Noticed Pikel
  5727 | D:6      | Killed Pikel
  5728 | D:6      | Reached skill level 8 in Fire Magic
  5892 | D:6      | Noticed Grinder
  5933 | D:6      | Killed Grinder
  5934 | D:6      | Reached skill level 8 in Conjurations
  6042 | D:6      | Reached XP level 9. HP: 62/62 MP: 4/14
  6196 | D:6      | Found a runed translucent door.
  6197 | D:6      | Noticed Crazy Yiuf
  6489 | D:6      | Reached skill level 9 in Fire Magic
  6931 | D:7      | Reached skill level 2 in Spellcasting
  6938 | D:7      | Reached skill level 1 in Armour
  7104 | D:7      | Reached skill level 2 in Armour
  7359 | D:7      | Identified the +1 buckler of the Stars {rN+ Str+5 Int-4
                  | Dex+2}
  7468 | D:7      | Reached skill level 3 in Spellcasting
  7510 | D:7      | Reached skill level 1 in Shields
  7643 | D:7      | Identified the +1 dagger of Causality {protect, rElec rC+
                  | Int+2}
  7898 | D:7      | Reached skill level 2 in Shields
  8510 | D:4      | Bought an encrusted scale mail for 207 gold pieces
  8510 | D:4      | Identified the +3 scale mail of Contumacious Knowledge
                  | {Str+2 Int+2 Dex+3} (You bought it in a shop on level 4 of
                  | the Dungeon)
  8817 | D:8      | Reached skill level 4 in Spellcasting
  8930 | D:8      | Reached skill level 3 in Shields
  9235 | D:8      | Reached XP level 10. HP: 69/69 MP: 10/20
  9407 | D:8      | Found the +11 Singing Sword {sonic wave}
  9536 | D:8      | Reached skill level 4 in Shields
  9659 | D:8      | Reached skill level 5 in Spellcasting
 10013 | D:8      | Identified the +7 dagger "Omed" {drain, rN+ Str+2 Stlth+}
 10286 | D:9      | Found a flagged portal.
 10327 | Bailey   | Entered a bailey
 10535 | Bailey   | Reached skill level 5 in Shields
 10685 | Bailey   | Reached skill level 2 in Dodging
 10711 | Bailey   | Noticed an orc warlord
 10733 | Bailey   | Killed an orc warlord
 10734 | Bailey   | Reached skill level 3 in Dodging
 10734 | Bailey   | Reached skill level 2 in Evocations
 10924 | Bailey   | Noticed an orc knight
 10938 | Bailey   | Killed an orc knight
 10939 | Bailey   | Reached skill level 4 in Dodging
 10939 | Bailey   | Reached skill level 3 in Evocations
 11110 | Bailey   | Identified the +5 longbow "Rotup" {elec, Str+3}
 11352 | Bailey   | Reached skill level 4 in Fighting
 11352 | Bailey   | Reached skill level 4 in Armour
 11352 | Bailey   | Reached skill level 6 in Dodging
 11352 | Bailey   | Reached XP level 11. HP: 85/85 MP: 23/23
 11415 | D:9      | Found a staircase to the Orcish Mines.
 11458 | D:9      | Reached skill level 1 in Ranged Weapons
 11466 | D:9      | Reached skill level 2 in Ranged Weapons
 11615 | D:9      | Noticed a two-headed ogre
 11753 | D:9      | Reached skill level 5 in Armour
 12344 | D:9      | Learned a level 2 spell: Blink
 12370 | D:10     | Entered Level 10 of the Dungeon
 12430 | D:10     | Reached skill level 3 in Ranged Weapons
 12574 | D:10     | Reached XP level 12. HP: 87/92 MP: 1/24
 12901 | D:10     | Reached skill level 4 in Ranged Weapons
 12901 | D:10     | Reached skill level 6 in Armour
 13028 | D:10     | Found a staircase to the Lair.
 13205 | D:10     | Identified the +4 dagger "Ateovvol" {venom, rPois Will+
                  | Int+3}
 13329 | D:10     | Found a runed translucent gate.
 13332 | D:10     | Found a runed translucent gate.
 13333 | D:10     | Found a runed translucent gate.
 13335 | D:10     | Noticed DiddlyDoom's ghost (journeyman GrBe)
 13403 | Lair:1   | Entered Level 1 of the Lair of Beasts
 13408 | Lair:1   | Noticed Grum
 13416 | Lair:1   | Killed Grum
 13950 | Lair:1   | Reached skill level 5 in Ranged Weapons
 14023 | Lair:1   | Noticed Prince Ribbit
 14030 | Lair:1   | Reached skill level 9 in Conjurations
 14032 | Lair:1   | Killed Prince Ribbit
 14331 | Lair:1   | Noticed Nergalle
 14342 | Lair:1   | Killed Nergalle
 14343 | Lair:1   | Reached skill level 10 in Fire Magic
 14477 | Lair:1   | Learned a level 5 spell: Freezing Cloud
 14921 | Lair:2   | Noticed Sonja
 14942 | Lair:2   | Killed Sonja
 14943 | Lair:2   | Reached skill level 10 in Conjurations
 15235 | Lair:2   | Found a hole to the Spider Nest.
 15293 | Lair:2   | Noticed an eight-headed hydra
 15301 | Lair:2   | Killed an eight-headed hydra
 15993 | Lair:2   | Reached skill level 11 in Fire Magic
 16329 | Lair:2   | Noticed a six-headed hydra
 16338 | Lair:2   | Killed a six-headed hydra
 16517 | Lair:3   | Found a staircase to the Swamp.
 16525 | Lair:3   | Noticed Gastronok
 16562 | Lair:3   | Noticed an eight-headed hydra
 16568 | Lair:3   | Killed an eight-headed hydra
 16621 | Lair:3   | Reached XP level 13. HP: 99/99 MP: 4/25
 16642 | Lair:3   | You fall into a shaft and drop 2 floors!
 16642 | Lair:5   | Entered Level 5 of the Lair of Beasts
 16670 | Lair:5   | Reached skill level 11 in Conjurations
 16809 | Lair:3   | Found a frozen archway.
 16952 | IceCv    | Entered an ice cave
 16975 | IceCv    | Upgraded the game from 0.32-a0-599-gba8f9cf90e to
                  | 0.32-a0-607-g64ea0e4219
 17294 | IceCv    | Reached skill level 12 in Fire Magic
 17806 | IceCv    | Reached skill level 12 in Conjurations
 17991 | IceCv    | Noticed a frost giant
 18022 | IceCv    | Learned a level 3 spell: Mephitic Cloud
 18906 | Lair:3   | Killed Gastronok
 18907 | Lair:3   | Reached skill level 1 in Air Magic
 19109 | Lair:3   | Reached skill level 6 in Spellcasting
 19672 | Lair:4   | Noticed Urug
 19806 | Lair:4   | Reached skill level 2 in Air Magic
 20397 | Lair:4   | Reached skill level 3 in Air Magic
 20778 | Lair:4   | Noticed Rupert
 20951 | Lair:5   | Reached skill level 2 in Stealth
 21045 | Lair:5   | Reached skill level 7 in Spellcasting
 21276 | Lair:5   | Reached XP level 14. HP: 105/105 MP: 18/29
 21391 | Lair:5   | Reached skill level 3 in Stealth
 21623 | Lair:5   | Reached skill level 4 in Stealth
 21860 | Lair:5   | Gained mutation: You are covered in fur. (AC +1) [potion of
                  | mutation]
 21860 | Lair:5   | Gained mutation: You are agile. (Dex +4, Str/Int -1)
                  | [potion of mutation]
 21860 | Lair:5   | Gained mutation: Your spells are a little easier to cast,
                  | but a little less powerful. [potion of mutation]
 21861 | Lair:5   | Lost mutation: You are agile. (Dex +4, Str/Int -1) [potion
                  | of mutation]
 21861 | Lair:5   | Lost mutation: You are covered in fur. (AC +1) [potion of
                  | mutation]
 21861 | Lair:5   | Lost mutation: Your spells are a little easier to cast, but
                  | a little less powerful. [potion of mutation]
 21861 | Lair:5   | Gained mutation: You expend magic power (3 MP) to
                  | strengthen your wands. [potion of mutation]
 22129 | Lair:5   | Reached skill level 5 in Stealth
 22132 | Lair:5   | Reached skill level 8 in Spellcasting
 22323 | Lair:5   | Found a staircase to the Slime Pits.
 22842 | Lair:5   | Reached skill level 6 in Stealth
 23534 | Lair:5   | Identified the +8 morningstar of Descent {speed, rC+ Str+5
                  | Dex-2 Stlth+}
 23550 | Lair:5   | Identified the +0 scale mail of the Sandy God {rN+}
 23744 | D:11     | Reached skill level 9 in Spellcasting
 23771 | D:11     | Noticed Psyche
 23775 | D:11     | Killed Psyche
 23954 | D:11     | Reached skill level 1 in Maces & Flails
 24525 | D:11     | Reached skill level 2 in Maces & Flails
 24898 | D:4      | Bought a pair of embroidered boots for 217 gold pieces
 25210 | D:4      | Bought an Everburning Encyclopedia for 456 gold pieces
 25309 | Orc:1    | Entered Level 1 of the Orcish Mines
 25309 | Orc:1    | Found Boivuf's Armour Shoppe.
 25870 | Orc:2    | Entered Level 2 of the Orcish Mines
 25870 | Orc:2    | Found a staircase to the Elven Halls.
 26131 | Orc:2    | Noticed Nessos
 26137 | Orc:2    | Killed Nessos
 26138 | Orc:2    | Reached skill level 3 in Maces & Flails
 26485 | Orc:1    | You fall into a shaft and drop 1 floor!
 26485 | Orc:2    | Found Ycwoeth's General Store.
 26507 | Orc:2    | Bought a potion of heal wounds for 75 gold pieces
 26507 | Orc:2    | Bought a scroll of amnesia for 60 gold pieces
 26526 | Orc:2    | Found Diozenil's Distillery.
 26555 | Orc:2    | Bought a potion of cancellation for 120 gold pieces
 26555 | Orc:2    | Bought a potion of brilliance for 60 gold pieces
 26634 | Orc:2    | Reached skill level 13 in Fire Magic
 26775 | Orc:2    | Reached skill level 4 in Maces & Flails
 27150 | Orc:2    | Found Ywyume's Armour Shoppe.
 27243 | Orc:2    | Found Toanoarai's Book Emporium.
 27854 | Orc:1    | Bought the +2 helmet "Qasoap" {Rampage rPois rN+++ Stlth+}
                  | for 792 gold pieces
 27998 | D:12     | Noticed Fannar
 28006 | D:12     | Killed Fannar
 28167 | D:12     | Found Peyghaiq's Specific Store.
 28171 | D:12     | Found Aqish's General Store.
 28216 | D:12     | Noticed Maurice
 28259 | D:12     | Upgraded the game from 0.32-a0-607-g64ea0e4219 to
                  | 0.32-a0-612-g1c984fe9d1
 28309 | D:12     | Noticed Erolcha
 28935 | D:12     | Reached skill level 5 in Maces & Flails
 29067 | D:12     | Identified the ring "Esifae Nouts" {rPois rC++ Will- Dex+3
                  | SInv}
 29097 | D:12     | Reached XP level 15. HP: 111/111 MP: 5/33
 29235 | D:12     | Identified the +4 great sword of Remuomeq {spect, rF+
                  | Str+4}
 29408 | D:12     | Killed Erolcha
 29897 | D:12     | Reached skill level 6 in Maces & Flails
 29981 | D:12     | Identified the +2 chain mail of Vehumet's Favour {rElec}
 30004 | D:12     | Identified the +6 trident of Nuer {freeze, *Slow Str+5
                  | Stlth+}
 30248 | D:12     | Got the Lectures on Formation
 30379 | D:12     | Killed Maurice
 30672 | D:13     | Learned a level 8 spell: Ignition
 30788 | D:13     | Reached skill level 14 in Fire Magic
 31354 | D:13     | Reached skill level 7 in Maces & Flails
 31805 | D:14     | Noticed Jorgrun
 31817 | D:14     | Killed Jorgrun
 31930 | D:14     | Identified the +0 leather armour "Dokaq" {Fly rN+ rCorr
                  | Str-5}
 31961 | D:14     | Noticed Louise
 32112 | D:14     | Noticed Roxanne
 32414 | D:14     | Killed Louise
 32426 | D:14     | Reached skill level 15 in Fire Magic
 32845 | D:14     | Learned a level 4 spell: Sticky Flame
 32969 | D:14     | Found a portal to a secret trove of treasure.
 33391 | D:14     | Identified a scroll of acquirement
 33443 | D:14     | Found a gate to the Vaults.
 33991 | D:15     | Entered Level 15 of the Dungeon
 34134 | D:15     | Reached skill level 1 in Alchemy
 34372 | D:15     | Reached skill level 5 in Fighting
 34373 | D:15     | Reached skill level 2 in Alchemy
 34709 | D:15     | Reached skill level 3 in Alchemy
 35300 | D:15     | Reached skill level 6 in Fighting
 35616 | D:15     | Found a staircase to the Depths.
 36129 | Orc:2    | Bought a potion of heal wounds for 75 gold pieces
 36300 | Lair:2   | Learned a level 4 spell: Ignite Poison
 36301 | Spider:1 | Entered Level 1 of the Spider Nest
 36327 | Lair:2   | Reached XP level 16. HP: 45/122 MP: 2/34
 36618 | Lair:2   | Reached skill level 16 in Fire Magic
 38626 | Spider:2 | Noticed Arachne
 38643 | Spider:2 | Killed Arachne
 38647 | Spider:2 | Noticed Donald
 39104 | Spider:2 | Killed Donald
 39105 | Spider:2 | Reached skill level 17 in Fire Magic
 39910 | Spider:2 | You fall into a shaft and drop 1 floor!
 40586 | Spider:2 | Identified the serpent talisman "Tobuom" {rF+}
 40586 | Spider:2 | Noticed Aizul
 40600 | Spider:2 | Killed Aizul
 40826 | Spider:2 | Reached skill level 18 in Fire Magic
 41373 | Spider:3 | HP: 7/122 [steelbarb worm (28)]
 41379 | Spider:3 | Reached skill level 4 in Evocations
 41977 | Spider:3 | Reached skill level 5 in Evocations
 42748 | Spider:4 | Entered Level 4 of the Spider Nest
 42751 | Spider:4 | Reached skill level 6 in Evocations
 43740 | Spider:4 | Reached XP level 17. HP: 77/128 MP: 19/35
 44634 | Spider:4 | Reached skill level 19 in Fire Magic
 46455 | Spider:4 | Identified the +2 pair of gloves of Alom {rF+ Str+3}
 46482 | Spider:4 | Got a gossamer rune of Zot
 46823 | Swamp:1  | Entered Level 1 of the Swamp
 46825 | Swamp:1  | Noticed Nikola
 46827 | Swamp:1  | Reached skill level 1 in Long Blades
 46990 | Lair:3   | Reached skill level 2 in Long Blades
 47075 | Swamp:1  | Killed Nikola
 47291 | Swamp:1  | Reached skill level 3 in Long Blades
 48086 | D:14     | You paid a toll of 2 scrolls of acquirement to enter a
                  | treasure trove
 48087 | Trove    | Entered a treasure trove
 48703 | Swamp:2  | Reached skill level 10 in Spellcasting
 49052 | Swamp:2  | You fall into a shaft and drop 1 floor!
 49060 | Swamp:3  | Reached skill level 7 in Evocations
 49392 | Swamp:3  | Reached skill level 8 in Evocations
 49755 | Swamp:3  | Noticed Mara
 50119 | Swamp:2  | Reached skill level 9 in Evocations
 50126 | Swamp:2  | Identified the +2 robe "Irirhit" {Regen+ Int+2}
 50377 | Swamp:2  | Identified the +4 ring mail of Ympah {*Corrode rC+ Dex+5}
 51342 | Swamp:3  | Reached skill level 11 in Spellcasting
 51486 | Swamp:3  | Reached skill level 10 in Evocations
 51772 | Swamp:3  | Reached XP level 18. HP: 133/135 MP: 18/38
 52125 | Swamp:3  | Upgraded the game from 0.32-a0-612-g1c984fe9d1 to
                  | 0.32-a0-616-g9348d4545b
 52278 | Swamp:3  | Noticed yetimobile's illusion
 52368 | Swamp:3  | Noticed yetimobile's illusion
 52721 | Swamp:3  | Reached skill level 11 in Evocations
 52862 | Swamp:3  | Noticed a tentacled monstrosity
 52880 | Swamp:3  | Killed a tentacled monstrosity
 53029 | Swamp:4  | Entered Level 4 of the Swamp
 53204 | Swamp:4  | Reached skill level 12 in Evocations
 54215 | Swamp:4  | Reached skill level 13 in Evocations
 54798 | Swamp:4  | Noticed a bone dragon
 54906 | Swamp:4  | HP: 9/136 [bone dragon (8)]
 55069 | Swamp:4  | Learned a level 7 spell: Orb of Destruction
 55842 | Swamp:4  | Got a decaying rune of Zot
 55882 | Swamp:3  | Killed Mara
 55883 | Swamp:3  | Reached skill level 7 in Dodging
 56218 | Orc:1    | Bought the +4 scale mail of Imperfection {+Inv rF++ Will+
                  | Str-3} for 876 gold pieces
 56432 | Vaults:1 | Entered Level 1 of the Vaults
 56448 | Vaults:1 | Reached skill level 7 in Fighting
 57003 | Vaults:1 | Found Koizal's General Store.
 57005 | Vaults:1 | Found Maqumeuc's Distillery.
 57513 | Vaults:1 | Noticed Saint Roka
 57547 | Vaults:1 | Noticed Zenata
 57700 | Vaults:1 | Reached skill level 8 in Dodging
 57806 | Vaults:1 | Found Gourha's Armour Emporium.
 57815 | Vaults:1 | Reached skill level 8 in Fighting
 57938 | Vaults:1 | Bought a potion of magic for 160 gold pieces
 58024 | Vaults:1 | Killed Saint Roka
 58550 | Vaults:1 | Zenata changed into Zenata the azure jelly
 58550 | Vaults:1 | Noticed Zenata
 58557 | Vaults:1 | Killed Zenata the azure jelly
 59026 | Vaults:1 | Found Qeziujas's Armour Shoppe.
 59036 | Vaults:1 | Found Qyseer's Assorted Antiques.
 59052 | Vaults:1 | Bought a scarf of repulsion for 156 gold pieces
 59644 | Vaults:2 | Reached skill level 9 in Dodging
 59814 | Vaults:2 | Reached skill level 9 in Fighting
 60470 | Vaults:2 | Found a staircase to the Crypt.
 60496 | Vaults:2 | Reached XP level 19. HP: 94/152 MP: 13/39
 60709 | Vaults:2 | Identified the ring "Amumiyfu" {Fire Str+3 Dex+3}
 60900 | Vaults:2 | Reached skill level 10 in Dodging
 61058 | Vaults:2 | Reached skill level 10 in Fighting
 61142 | Vaults:2 | Identified the +0 robe "Wiopp" {+Blink}
 62039 | Vaults:2 | Upgraded the game from 0.32-a0-616-g9348d4545b to
                  | 0.32-a0-630-g46d191b0ed
 62920 | Vaults:3 | Reached skill level 11 in Dodging
 63123 | Vaults:3 | Reached skill level 11 in Fighting
 64309 | Vaults:3 | Reached skill level 12 in Dodging
 64766 | Vaults:3 | Reached skill level 12 in Fighting
 65339 | Vaults:4 | Reached skill level 7 in Armour
 65855 | Vaults:4 | Found Ham Ehaz's Antique Weapon Emporium.
 66205 | Vaults:4 | Reached skill level 8 in Armour
 66779 | Vaults:4 | Reached skill level 9 in Armour
 67069 | Vaults:4 | Reached XP level 20. HP: 71/168 MP: 11/40
 68098 | D:4      | Bought a book of Lightning for 432 gold pieces
 68381 | Depths:1 | Entered Level 1 of the Depths
 68386 | Depths:1 | Found Iskod's Jewellery Shoppe.
 68829 | Depths:1 | Reached skill level 10 in Armour
 68939 | Depths:1 | Identified the +3 great sword of the End of Times {drain,
                  | rC+ rN+ Str+6 Stlth-}
 69428 | Depths:1 | Identified the +5 flail of Distant Shores {spect, rC+
                  | Str+3}
 69489 | Depths:1 | Found a gateway to Hell.
 69499 | Depths:1 | Identified the +0 scale mail of Quantum Leap {rF- Will++
                  | Str+3}
 69766 | Depths:1 | Noticed Asterion
 69771 | Depths:1 | Killed Asterion
 70133 | Depths:1 | Found a one-way gateway to a ziggurat.
 70462 | Depths:2 | Reached skill level 12 in Spellcasting
 71215 | Depths:2 | Reached skill level 11 in Armour
 71445 | Depths:2 | Noticed a golden dragon
 71707 | Depths:2 | Found a one-way gate leading to the halls of Pandemonium.
 72892 | Depths:2 | Killed a golden dragon
 72998 | Depths:2 | Identified the +3 scale mail of Cowardice {rPois rC+ Str-5
                  | Stlth+}
 73021 | Depths:2 | Learned a level 6 spell: Plasma Beam
 73209 | Depths:3 | Reached skill level 1 in Summonings
 73252 | Depths:3 | Reached skill level 2 in Summonings
 73278 | Depths:3 | Reached skill level 4 in Long Blades
 73465 | Depths:3 | Reached skill level 3 in Summonings
 73944 | Depths:3 | Reached skill level 4 in Summonings
 74039 | Depths:3 | Reached skill level 5 in Long Blades
 74256 | Depths:3 | Reached skill level 5 in Summonings
 74799 | Depths:3 | Reached skill level 6 in Summonings
 75239 | Depths:3 | Identified the +1 plate armour of Omission {Harm rF+}
 75311 | Depths:3 | Reached skill level 6 in Long Blades
 75609 | Depths:3 | Reached skill level 7 in Summonings
 76346 | Depths:3 | Found a one-way gate to the infinite horrors of the Abyss.
 76411 | Depths:3 | Reached skill level 8 in Summonings
 76614 | Depths:3 | Reached skill level 8 in Long Blades
 76614 | Depths:3 | Reached XP level 21. HP: 174/174 MP: 43/43
 76628 | Depths:3 | Got Ugohu's Almanac of Unstable Desecration
 77041 | Elf:1    | Entered Level 1 of the Elven Halls
 77050 | Elf:1    | Reached XP level 22. HP: 170/181 MP: 35/44
 77074 | Elf:1    | Reached skill level 9 in Long Blades
 77678 | Vaults:1 | Bought a slimy chain mail for 256 gold pieces
 77678 | Vaults:1 | Identified the +3 chain mail "Wiest" {Str+4} (You bought it
                  | in a shop on level 1 of the Vaults)
 78060 | Elf:1    | Noticed Azrael
 78065 | Elf:1    | Killed Azrael
 78593 | Elf:1    | Reached skill level 10 in Long Blades
 79272 | Elf:2    | Paralysed by an air elemental for 1 turns
 79706 | Elf:2    | Paralysed by an air elemental for 1 turns
 79716 | Elf:2    | Paralysed by an air elemental for 1 turns
 79945 | Elf:2    | Reached skill level 11 in Long Blades
 80276 | Elf:2    | Found the +6 arbalest "Damnation" {damnation}
 80679 | Elf:2    | Found a huge runed translucent gate.
 80679 | Elf:2    | Found a huge runed translucent gate.
 80679 | Elf:2    | Found a huge runed translucent gate.
 80679 | Elf:2    | Found a huge runed translucent gate.
 80679 | Elf:2    | Found a huge runed translucent gate.
 80757 | Elf:2    | Found Juokutux's Jewellery Shop.
 80894 | Elf:3    | Entered Level 3 of the Elven Halls
 81725 | Elf:3    | Reached skill level 12 in Long Blades
 82808 | Elf:3    | Reached skill level 13 in Long Blades
 82925 | Elf:3    | Identified the +1 ring mail of Ruusam {rCorr Stlth+}
 82954 | Elf:3    | Identified the amulet "Quasoz" {Faith Will+ Regen+ Int+4}
 83214 | Elf:3    | Identified the ring "Qamef" {rF- rN+ Str+3 Dex+5}
 83364 | Elf:3    | Identified the +4 broad axe "Impbane" {elec, rF+ Str+3}
 83635 | Elf:3    | Got Sif Muna's Omnibus of Venin and Subspace
 83644 | Elf:3    | Got the Tractate on Beguiling and Transportation
 83653 | Elf:3    | Found the +0 cloak of the Thief {Quiet Slay-3 SInv Stlth+}
 83661 | Elf:3    | Identified the +0 pair of gloves of Jigsaw {Int+3}
 83684 | Elf:3    | Got Qiwoarev's Opusculum on the Limned Sphinx
 84523 | Elf:2    | Bought the ring "Lecs" {rC+ rCorr Int+3} for 604 gold
                  | pieces
 84707 | Slime:1  | Entered Level 1 of the Pits of Slime
 85036 | Slime:1  | Reached skill level 6 in Shields
 85760 | Slime:2  | Gained mutation: You are dopey. (Int -2) [a shining eye]
 86550 | Slime:2  | Reached skill level 12 in Armour
 86550 | Slime:2  | Reached skill level 7 in Shields
 87457 | Slime:4  | Reached skill level 8 in Shields
 88062 | Slime:5  | Entered Level 5 of the Pits of Slime
 88559 | Elf:3    | Learned a level 5 spell: Irradiate
 89544 | Slime:5  | Reached skill level 13 in Conjurations
 89544 | Slime:5  | Reached XP level 23. HP: 188/188 MP: 40/45
 89548 | Slime:5  | Noticed the Royal Jelly
 89589 | Slime:5  | Killed the Royal Jelly
 89788 | Slime:5  | Gained mutation: You are frail. (-10% HP) [a shining eye]
 89918 | Slime:5  | Identified the +5 morningstar of the Fifty Knaves {freeze,
                  | +Blink Int+3 Dex-4}
 89944 | Slime:5  | Identified the +9 falchion "Kosifuho" {heavy, ^Contam rPois
                  | Int+8 Dex+2}
 90029 | Slime:5  | Got a slimy rune of Zot
 90034 | Slime:5  | Got Spellcasting in Simple Steps
 90045 | Slime:5  | Identified the +8 short sword of Kismet {flame, rF+ Will+}
 90056 | Slime:5  | Found the +8 demon trident "Rift" {distort, reach+}
 90059 | Slime:5  | Identified the +1 mace of Gozag {drain, rC+ Will+ Dex+3}
 90098 | Slime:5  | Upgraded the game from 0.32-a0-630-g46d191b0ed to
                  | 0.32-a0-643-ga006e7742e
 90515 | Depths:4 | Entered Level 4 of the Depths
 90727 | Depths:4 | Found Hufrete's Firing Range.
 91095 | Depths:4 | Found Muommi Joso's Magic Scroll Shop.
 91098 | Depths:4 | Bought a scroll of fear for 72 gold pieces
 91098 | Depths:4 | Bought a scroll of teleportation for 54 gold pieces
 91098 | Depths:4 | Bought a scroll of teleportation for 54 gold pieces
 91128 | Depths:4 | Reached skill level 14 in Conjurations
 91761 | Depths:4 | Found a gate to the Realm of Zot.
 91890 | Depths:4 | HP: 15/169 [spark wasp (4)]
 92385 | Zot:1    | Entered Level 1 of the Realm of Zot
 92784 | Zot:1    | HP: 7/169 [black draconian knight/shard of ice (42)]
 92789 | Zot:1    | HP: 10/169 [poisoned by a green draconian monk (blast of
                  | poison)]
 92794 | Depths:4 | HP: 12/169 [poisoned by a green draconian monk (blast of
                  | poison)]
 92954 | Depths:4 | Lost mutation: You are dopey. (Int -2) [potion of mutation]
 92954 | Depths:4 | Lost mutation: You expend magic power (3 MP) to strengthen
                  | your wands. [potion of mutation]
 92954 | Depths:4 | Gained mutation: You are somewhat resistant to further
                  | mutation. [potion of mutation]
 93013 | Depths:3 | Lost mutation: You are somewhat resistant to further
                  | mutation. [potion of mutation]
 93013 | Depths:3 | Lost mutation: You are frail. (-10% HP) [potion of
                  | mutation]
 93013 | Depths:3 | Gained mutation: Your spells are a little harder to cast,
                  | but a little more powerful. [potion of mutation]
 93272 | Crypt:1  | Entered Level 1 of the Crypt
 93809 | Crypt:1  | Reached skill level 14 in Long Blades
 95189 | Crypt:2  | Reached skill level 13 in Fighting
 97034 | Crypt:2  | Reached skill level 15 in Long Blades
 97050 | Crypt:2  | Noticed an ancient lich
 97059 | Crypt:2  | Killed an ancient lich
 97709 | Crypt:3  | Entered Level 3 of the Crypt
 97862 | Crypt:3  | Noticed Margery
 98058 | Crypt:3  | Reached skill level 14 in Fighting
 98061 | Crypt:3  | Killed Margery
 98222 | Crypt:3  | Noticed Xtahua
 98235 | Crypt:3  | Killed Xtahua
 98617 | Crypt:3  | Got Puubrut's Secrets of Finality
 99494 | Crypt:3  | Found a staircase to the Tomb.
 99494 | Crypt:3  | Noticed a royal mummy
 99500 | Crypt:3  | Killed a royal mummy
 99501 | Crypt:3  | Reached XP level 24. HP: 136/205 MP: 17/45
 99926 | Crypt:3  | Reached skill level 16 in Long Blades
 99952 | Crypt:3  | Learned a level 4 spell: Manifold Assault
100363 | Crypt:3  | Reached skill level 15 in Fighting
100674 | Crypt:3  | Found the +3 giant club "Skullcrusher" {speed, Str+7}
102036 | Crypt:3  | Reached skill level 13 in Spellcasting
102498 | Vaults:5 | Entered Level 5 of the Vaults
102501 | Vaults:5 | Reached skill level 4 in Translocations
102506 | Vaults:5 | Reached skill level 5 in Translocations
102881 | Vaults:5 | Reached skill level 6 in Translocations
103265 | Vaults:5 | Noticed an ancient lich
103271 | Vaults:5 | Killed an ancient lich
103272 | Vaults:5 | Reached skill level 7 in Translocations
103735 | Vaults:5 | Reached skill level 8 in Translocations
104169 | Vaults:5 | Reached skill level 9 in Translocations
104528 | Vaults:5 | Identified the ring of Necku {Ice Will- Str+8}
104718 | Vaults:5 | Got a silver rune of Zot
104762 | Vaults:5 | Reached skill level 9 in Shields
104764 | Vaults:5 | Reached skill level 1 in Ice Magic
104910 | Vaults:5 | Reached skill level 2 in Ice Magic
105347 | Vaults:5 | Reached skill level 10 in Shields
105347 | Vaults:5 | Reached skill level 3 in Ice Magic
105777 | Vaults:5 | Reached skill level 4 in Ice Magic
105932 | Vaults:5 | Identified the +0 leather armour of the Tarantula {^Drain
                  | rF+ Int+3}
105933 | Vaults:5 | Identified the +5 orcbow "Vogijasch" {heavy, ^Fragile Fly
                  | rPois rCorr}
106060 | Vaults:5 | Identified the +7 whip "Xomiu" {flame, ^Fragile rC+ rN++
                  | Int+3}
106184 | Vaults:1 | Bought a scroll of acquirement for 988 gold pieces
106184 | Vaults:1 | Bought a wand of light (1) for 79 gold pieces
106184 | Vaults:1 | Bought a scroll of blinking for 142 gold pieces
106184 | Vaults:1 | Acquired a book of Annihilations
108333 | Zot:2    | Reached skill level 15 in Conjurations
108495 | Zot:2    | Found a transporter.
108533 | Zot:2    | Reached skill level 20 in Fire Magic
108533 | Zot:2    | Reached XP level 25. HP: 202/215 MP: 25/46
108941 | Zot:2    | Found a transporter.
109594 | Zot:2    | Identified the +2 short sword of the Scorching King {venom,
                  | rN+ Will+ rCorr}
109596 | Zot:2    | Identified the amulet "Moineozetz" {Acrobat Harm rC+}
109604 | Zot:2    | Identified the amulet of Kaesto {rPois rC- rN+ RegenMP+}
110715 | Zot:3    | Reached skill level 16 in Conjurations
112580 | Zot:5    | Entered Level 5 of the Realm of Zot
112783 | Zot:5    | Reached skill level 9 in Summonings
113461 | Zot:5    | Reached skill level 10 in Summonings
114280 | D:4      | Bought Great Wizards, Vol. VII for 360 gold pieces
114285 | D:4      | Learned a level 4 spell: Passage of Golubria
115046 | Zot:5    | Noticed an ancient lich
115189 | Zot:5    | Noticed a dread lich
115194 | Zot:5    | Paralysed by a dread lich for 3 turns
115198 | Zot:5    | Killed a dread lich
115199 | Zot:5    | Reached skill level 10 in Translocations
115366 | Zot:5    | Noticed an orb of fire
115369 | Zot:5    | Noticed a dread lich
115381 | Zot:5    | Paralysed by a Zot trap for 2 turns
115407 | Zot:5    | Killed an ancient lich
115835 | Zot:5    | Killed a dread lich
115958 | Zot:5    | Reached skill level 11 in Translocations
116071 | Zot:5    | Gained mutation: You occasionally lose the ability to read
                  | scrolls when taking damage. [an orb of fire]
116072 | Zot:5    | Gained mutation: Your body sometimes deteriorates upon
                  | taking damage. [an orb of fire]
116079 | Zot:5    | Gained mutation: Armour fits poorly on your strangely
                  | shaped body. [an orb of fire]
116085 | Zot:5    | Killed an orb of fire
116100 | Zot:5    | Noticed an ancient lich
116123 | Zot:5    | Killed an ancient lich
116124 | Zot:5    | Reached skill level 14 in Spellcasting
116304 | Zot:5    | Noticed a dread lich
116311 | Zot:5    | Killed a dread lich
116452 | Zot:5    | Learned a level 7 spell: Malign Gateway
116623 | Zot:5    | Noticed an orb of fire
116629 | Zot:5    | Killed an orb of fire
116843 | Zot:5    | Noticed a dread lich
117127 | Zot:5    | Killed a dread lich
117186 | Zot:5    | Noticed an orb of fire
117196 | Zot:5    | Lost mutation: Your spells are a little harder to cast, but
                  | a little more powerful. [an orb of fire]
117201 | Zot:5    | Gained mutation: You are clumsy. (Dex -2) [an orb of fire]
117204 | Zot:5    | Gained mutation: You occasionally shout uncontrollably at
                  | your foes. [an orb of fire]
117216 | Zot:5    | Killed an orb of fire
117217 | Zot:5    | Reached skill level 15 in Spellcasting
117273 | Zot:5    | Noticed an ancient lich
117315 | Zot:5    | Killed an ancient lich
117575 | Zot:5    | Got the Orb of Zot
118248 | D:$      | Escaped with the Orb!

Illustrated notes

Levels and vault maps discovered:
D:1:      lightli_iron_boxes, layout_basic, nrook_mini_backslash
D:2:      layout_basic, grunt_decor_one_mirror, uniq_sigmund, uniq_jessica
D:3:      minmay_roachtagon, layout_basic, general_overflow_altar
D:4:      layout_basic, serial_shops, shop, shop, nicolae_shop_dealshenge,
          nicolae_shop_advertising_works [nicolae_subvault_shop_adworks],
          nicolae_shop_hallway_stairs, st_stairs_7, serial_park_tiny_pond,
          uniq_natasha, uniq_blork_the_orc
D:5:      layout_basic, minmay_temple_entry_poolview, serial_shops,
          nicolae_shop_just_a_little_nook
D:6:      layout_loops_ring, minmay_misc_feat_chi, uniq_crazy_yiuf_cottage,
          uniq_pikel, uniq_grinder
D:7:      layout_basic, jmf_multi_god_temple2
D:8:      old_forge, layout_basic, nicolae_overflow_crystal_walls, minitemple,
          kennysheep_nondescript, nrook_pool_corridor
D:9:      layout_irregular_city, orc_0_dummy, enter_bailey_8, minmay_between
D:10:     layout_roguey, erik_lair_island, gammafunk_ghost_spectres
D:11:     layout_irregular_city, nicolae_dithmenos_through_a_glass_darkly,
          uniq_psyche
D:12:     minmay_the_grid_triangle_9x9_recursive_3_mashed
          [minmay_the_grid_triangle_9x9_intruding_spiral,
          minmay_the_grid_triangle_9x9_minimal,
          minmay_the_grid_triangle_9x9_negative_grid,
          minmay_the_grid_triangle_9x9_prize_schism,
          minmay_the_grid_triangle_9x9_dagger,
          minmay_the_grid_triangle_9x9_sprig,
          minmay_the_grid_triangle_9x9_odd_lines,
          minmay_the_grid_triangle_9x9_limited_checkers,
          minmay_the_grid_triangle_9x9_steps], layout_gridville,
          nicolae_specific_store, uniq_maurice, uniq_erolcha, uniq_fannar
D:13:     layout_roguey
D:14:     layout_basic, hangedman_vaults_entry_quadrant_bands,
          cheibrodos_ashenzari_chains, trove_entry_hex_spiral, uniq_jorgrun,
          uniq_louise, uniq_roxanne
D:15:     grunt_enter_depths_snipers, layout_basic,
          chequers_serial_rivers_small_b
Lair:1:   layout_roguey, uniq_grum, uniq_nergalle, uniq_prince_ribbit2
Lair:2:   layout_layer_cave, spider_nest_entry_web_field, uniq_sonja
Lair:3:   layout_long_grid, skrybe_swamp_entry_bodies, serial_forest,
          infiniplex_forest_zigzag_1, infiniplex_forest_lined_room_2,
          infiniplex_forest_clump_diagonal, infiniplex_forest_end_2,
          infiniplex_forest_clump_long, infiniplex_forest_clump_long,
          infiniplex_forest_end_2, portal_ice_cave_entry_animals_and_master,
          uniq_gastronok
Lair:4:   layout_layer_cave, grunt_megastairs_3, serial_bayou_shore_b,
          uniq_urug, uniq_rupert
Lair:5:   grunt_lair_end_beastmaster, layout_concentric_octagons,
          nicolae_slime_entry_field_trip, minmay_lindwurm_lava
Swamp:1:  layout_basic_swamp, evilmike_swamp_ruin_rubble_2, swamp_pool_1_2,
          uniq_nikola
Swamp:2:  layout_basic_swamp, evilmike_swamp_ruin_house_6,
          nicolae_swamp_stair_fork
Swamp:3:  nzn_winding_woodlands_cross [nzn_winding_woodlands_5x15_sawtooth,
          nzn_winding_woodlands_5x15_twine,
          nzn_winding_woodlands_5x15_pathside_ponds,
          nzn_winding_woodlands_5x15_river_crossing,
          nzn_winding_woodlands_15x15_five_gardens], layout_basic_swamp,
          nicolae_swamp_reclaimed_castle, uniq_mara
Swamp:4:  swamp_pestilence, layout_basic_swamp, swamp_pool_4,
          cheibrodos_swamp_witchery, infiniplex_staircase_pool_2
Spider:1: layout_spider_delve, worms_lemuel
Spider:2: layout_spider_delve, hangedman_spider_tarantella_strand, uniq_donald,
          uniq_aizul, uniq_arachne
Spider:3: layout_spider_delve
Spider:4: grunt_spider_rune_circles
Slime:1:  layout_caves
Slime:2:  layout_caves
Slime:3:  layout_caves
Slime:4:  layout_caves
Slime:5:  slime_pit_nicolae_block_by_block
Orc:1:    layout_caves, serial_shops, shop
Orc:2:    st_orc_town, layout_diamond_mine, uniq_nessos
Elf:1:    layout_loops_ring, minmay_elf_crystal_heptagon, evilmike_ambush
          [evilmike_ambush_outer_doors, evilmike_ambush_inner_wall_2],
          uniq_azrael
Elf:2:    elven_hall_of_blades_hangedman_alternative
          [mumra_blade_entry_bloodbath], layout_gridlike, serial_shops, shop,
          hellmonk_guarded_unrand_damnation, uniq_norris
Elf:3:    minmay_elf_hall_x, layout_onion_city, basic_altar,
          wad_floor_pattern_untrapped
Vaults:1: v_pattern_2, nicolae_vaults_layer_cake_slice, grunt_vaults_twisty,
          nicolae_vaults_rhombus_7, nicolae_vaults_house_2,
          layout_vaults_omnigrid, serial_shops, nicolae_shop_gibbet_a_chance,
          nicolae_shop_dealshenge, nicolae_shop_temple_entry_statues_fountains,
          shop, nicolae_shop_hallway_stairs, uniq_saint_roka, uniq_zenata
Vaults:2: v_misc_10, minmay_crypt_entry_necro_gods, vaults_dpeg_hooks,
          vaults_mumra_chevron_long, vaults_mumra_minichess,
          nicolae_vaults_hexular_roomagon, ontoclasm_vaults_pinch,
          nicolae_vaults_diamond_1, nicolae_vaults_corridor_and_loot_room,
          nicolae_vaults_closet_pinwheel_6, vaults_dpeg_encased_lava,
          v_pattern_5, nicolae_vaults_weapon_check, nicolae_vaults_alarming,
          layout_vaults_big_cross
Vaults:3: ontoclasm_vaults_ring_large, hangedman_vaults_hat,
          nicolae_vaults_wine_cellar, nicolae_vaults_network_star,
          hangedman_vaults_trim, vaults_mumra_hexcomb, st_squares,
          hangedman_vaults_stretched_pinwheel, nicolae_vaults_yaktaur_gun_rack,
          vaults_dpeg_ring, vaults_room_grid, nicolae_vaults_lightning_bolt,
          nicolae_vaults_variable_pillar_hall, layout_vaults_ring
Vaults:4: nicolae_vaults_circle_grid_b, nicolae_vaults_stepped_doors,
          nicolae_vaults_network_s, nicolae_vaults_storage_room_statues,
          nicolae_vaults_ninety_degrees, nicolae_vaults_storage_room_water,
          nicolae_vaults_little_squares_5, v_misc_30, v_misc_3,
          nicolae_vaults_storage_room_glass, dpeg_vaults_monster_row,
          nicolae_vaults_asterisk, layout_vaults_maze_bifur, serial_shops, shop
Vaults:5
Crypt:1:  layout_catacombs, minivault_25
Crypt:2:  layout_gridlike, nicolae_crypt_vampire_mansion, grunt_megastairs_2
Crypt:3:  evilmike_haunted_forest, uniq_xtahua, uniq_margery
Depths:1: layout_roguey, enter_ziggurat_b, lightli_too_deep,
          serial_bayou_lagoon_a, minmay_misc_feat_columns,
          minmay_shop_enchanted_jewellery, minmay_starry_boxes, uniq_asterion
Depths:2: minmay_glassy_protrusions, layout_gridlike, hell_entry,
          grunt_decor_mini_mirrors, pan_entry, grunt_megastairs_4,
          infiniplex_staircase_spiral
Depths:3: regret_index_all_hallows'_manor, layout_gridlike, abyss_entry,
          nrook_mini_vaults, hell_entry, minmay_staircase_statues
Depths:4: evilmike_zot_entry_basic, layout_gridville, serial_shops,
          nicolae_shop_tiny_real_fake_doors, abyss_entry_flame_altar,
          hell_entry, minmay_misc_feat_diagonals, nicolae_shop_firing_range
Zot:1:    layout_onion_interference, grunt_ministairs_12,
          hangedman_feature_mirror, uniq_grunn
Zot:2:    gammafunk_its_a_trap, layout_gridlike
Zot:3:    layout_cathedral_of_symmetry, regret_index_zotdec_alabaster_prism
Zot:4:    layout_gridlike
Zot:5:    layout_concentric_octagons

Skill      XL: |  1  2  3  4  5  6  7  8  9 10 11 12 13 14 15 16 17 18 19 20 21 22 23 24 25 |
---------------+----------------------------------------------------------------------------+-----
Conjurations   | 1 2 3 4 5 6 8 10 12 13 14 15 16 | 16.2
Fire Magic     | 3 4 5 6 8 9 11 12 13 15 18 19 20 | 20.7
Spellcasting   | 4 5 7 9 11 12 13 15 | 15.4
Armour         | 2 4 5 6 9 11 12 | 12.5
Shields        | 3 5 8 10 | 10.8
Dodging        | 6 9 12 | 12.2
Evocations     | 3 6 10 13 | 13.0
Fighting       | 4 6 9 12 14 15 | 15.6
Ranged Weapons | 3 5 |  5.0
Air Magic      | 3 |  3.6
Stealth        | 2 6 |  6.9
Maces & Flails | 5 7 |  7.1
Alchemy        | 3 |  3.8
Long Blades    | 3 8 13 15 16 | 16.0
Summonings     | 8 10 | 10.4
Translocations | 9 11 | 11.0
Ice Magic      | 4 |  4.2

Action                     |  1- 3 |  4- 6 |  7- 9 | 10-12 | 13-15 | 16-18 | 19-21 | 22-24 | 25-27 || total
---------------------------+-------+-------+-------+-------+-------+-------+-------+-------+-------++-------
  Melee: Short sword       |     2 |       |       |       |       |       |       |       |       ||     2
         Hand axe          |       |     9 |    25 |       |       |       |       |       |       ||    34
         War axe           |       |       |    16 |    24 |       |       |       |       |       ||    40
         Dagger            |       |       |       |    43 |   222 |     8 |    16 |    18 |    20 ||   327
         Morningstar       |       |       |       |       |   297 |   604 |   494 |     5 |     6 ||  1406
         Double sword      |       |       |       |       |       |     1 |    11 |   569 |   153 ||   734
         Staff             |       |       |       |       |       |    33 |       |       |       ||    33
   Fire: Longbow           |       |       |       |    30 |       |       |       |       |       ||    30
  Throw: Dart              |       |       |       |     7 |     4 |       |       |       |       ||    11
         Javelin           |       |       |       |       |       |     1 |       |       |       ||     1
   Cast: Foxfire           |    54 |    49 |    98 |    74 |   113 |   103 |    24 |       |       ||   515
         Scorch            |     4 |    19 |   130 |   142 |   115 |       |       |       |       ||   410
         Flame Wave        |       |     1 |     2 |    52 |    79 |    74 |    20 |       |       ||   228
         Freezing Cloud    |       |       |       |    10 |   230 |   321 |   158 |    25 |     5 ||   749
         Mephitic Cloud    |       |       |       |       |    20 |    23 |    12 |     7 |       ||    62
         Blink             |       |       |       |       |     4 |     2 |       |     1 |       ||     7
         Sticky Flame      |       |       |       |       |    11 |   132 |   102 |    42 |       ||   287
         Ignition          |       |       |       |       |     2 |    42 |    16 |    41 |     6 ||   107
         Ignite Poison     |       |       |       |       |       |    11 |     9 |     4 |       ||    24
         Orb of Destructio |       |       |       |       |       |    43 |    56 |   161 |    85 ||   345
         Plasma Beam       |       |       |       |       |       |       |    84 |   593 |    76 ||   753
         Irradiate         |       |       |       |       |       |       |       |    20 |    15 ||    35
         Manifold Assault  |       |       |       |       |       |       |       |    45 |    26 ||    71
         Passage of Golubr |       |       |       |       |       |       |       |       |     8 ||     8
         Malign Gateway    |       |       |       |       |       |       |       |       |     1 ||     1
  Evoke: Wand              |       |       |     1 |     2 |    12 |    26 |     4 |    10 |    10 ||    65
         Box of beasts     |       |       |       |       |     1 |     4 |       |       |     1 ||     6
         Phial of floods   |       |       |       |       |       |     2 |     1 |     2 |       ||     5
         Phantom mirror    |       |       |       |       |       |     2 |     1 |     1 |     1 ||     5
         Lightning rod     |       |       |       |       |       |     7 |     5 |     7 |       ||    19
         Condenser vane    |       |       |       |       |       |     2 |     1 |     1 |     1 ||     5
    Use: Scroll            |       |     1 |     8 |    10 |    18 |    17 |     1 |    19 |     3 ||    77
         Potion            |       |       |       |     2 |    12 |    21 |     1 |    16 |     6 ||    58
   Stab: Sleeping          |       |       |     1 |       |     5 |     2 |     2 |     3 |       ||    13
         Distracted        |       |       |     1 |       |     1 |     1 |     1 |     1 |       ||     5
         Paralysed         |       |       |       |       |     2 |     6 |       |       |       ||     8
         Confused          |       |       |       |       |     4 |     2 |       |     3 |       ||     9
         Invisible         |       |       |       |       |       |     2 |       |       |       ||     2
 Armour: Robe              |    10 |    10 |     2 |       |       |       |       |       |       ||    22
         Leather armour    |       |       |    59 |       |       |       |       |       |       ||    59
         Scale mail        |       |       |    11 |   172 |   642 |  1209 |   569 |   548 |   146 ||  3297
  Dodge: Dodged            |     8 |    23 |    43 |   101 |   389 |   597 |   317 |   329 |    88 ||  1895
         Repelled          |       |       |       |       |       |     4 |    49 |    21 |       ||    74
  Block: Buckler           |       |       |     9 |    50 |   281 |   347 |   155 |    40 |    59 ||   941
         Kite shield       |       |       |       |       |       |       |       |    41 |       ||    41

Table legend: (Time is in decaauts)
 A = Elapsed time spent in this place.
 B = Non-inter-level travel time spent in this place.
 C = Inter-level travel time spent in this place.
 D = Time resting spent in this place.
 E = Time spent auto-exploring this place.
 F = Levels seen in this place.
 G = Mean time per level.
                   A        B        C        D        E       F      G
               +--------+--------+--------+--------+--------+-----+--------+
         Total | 118615 | 105822 |  12793 |  45445 |  42237 |  58 | 2045.1 |
       Dungeon |  27613 |  20764 |   6849 |   4424 |  12888 |  15 | 1840.9 |
          Lair |  10402 |   9307 |   1095 |   3504 |   4062 |   5 | 2080.4 |
         Swamp |   8734 |   8394 |    340 |   4319 |   2449 |   4 | 2183.5 |
   Spider Nest |  10060 |   9693 |    367 |   5003 |   2967 |   4 | 2515.0 |
    Slime Pits |   4816 |   4402 |    414 |   2413 |   1393 |   5 |  963.2 |
  Orcish Mines |   2816 |   2515 |    301 |    923 |    994 |   2 | 1408.0 |
   Elven Halls |   6716 |   6268 |    448 |   3111 |   2224 |   3 | 2238.7 |
        Vaults |  14508 |  13583 |    925 |   6455 |   4651 |   5 | 2901.6 |
         Crypt |   9053 |   8733 |    320 |   4160 |   3308 |   3 | 3017.7 |
        Depths |  11681 |  10559 |   1122 |   5432 |   3615 |   4 | 2920.2 |
           Zot |   9714 |   9107 |    607 |   4505 |   3252 |   5 | 1942.8 |
         Trove |     60 |     60 |      0 |      0 |     26 |   1 |   60.0 |
        Bailey |   1053 |   1053 |      0 |    533 |    157 |   1 | 1053.0 |
      Ice Cave |   1383 |   1383 |      0 |    659 |    249 |   1 | 1383.0 |
               +--------+--------+--------+--------+--------+-----+--------+

Top non-repeatable levels by time:
 Crypt:3: 4505 daAuts
   Zot:5: 3969 daAuts
Depths:3: 3376 daAuts
Depths:2: 3287 daAuts
Vaults:1: 3271 daAuts
    D:12: 3205 daAuts
   Elf:3: 3188 daAuts
    D:14: 3166 daAuts
Vaults:3: 3054 daAuts
 Crypt:2: 2992 daAuts
Spider:4: 2976 daAuts
 Swamp:4: 2893 daAuts
  Lair:5: 2881 daAuts
Vaults:5: 2838 daAuts
Vaults:4: 2753 daAuts

Table legend: (Time is in decaauts)
 A = Elapsed time spent in this place.
 B = Non-inter-level travel time spent in this place.
 C = Inter-level travel time spent in this place.
 D = Time resting spent in this place.
 E = Time spent auto-exploring this place.
 F = Levels seen in this place.
 G = Mean time per level.
                   A        B        C        D        E       F      G
               +--------+--------+--------+--------+--------+-----+--------+
         Total | 118615 | 105822 |  12793 |  45445 |  42237 |  58 | 2045.1 |
       Dungeon |  27613 |  20764 |   6849 |   4424 |  12888 |  15 | 1840.9 |
          Lair |  10402 |   9307 |   1095 |   3504 |   4062 |   5 | 2080.4 |
         Swamp |   8734 |   8394 |    340 |   4319 |   2449 |   4 | 2183.5 |
   Spider Nest |  10060 |   9693 |    367 |   5003 |   2967 |   4 | 2515.0 |
    Slime Pits |   4816 |   4402 |    414 |   2413 |   1393 |   5 |  963.2 |
  Orcish Mines |   2816 |   2515 |    301 |    923 |    994 |   2 | 1408.0 |
   Elven Halls |   6716 |   6268 |    448 |   3111 |   2224 |   3 | 2238.7 |
        Vaults |  14508 |  13583 |    925 |   6455 |   4651 |   5 | 2901.6 |
         Crypt |   9053 |   8733 |    320 |   4160 |   3308 |   3 | 3017.7 |
        Depths |  11681 |  10559 |   1122 |   5432 |   3615 |   4 | 2920.2 |
           Zot |   9714 |   9107 |    607 |   4505 |   3252 |   5 | 1942.8 |
         Trove |     60 |     60 |      0 |      0 |     26 |   1 |   60.0 |
        Bailey |   1053 |   1053 |      0 |    533 |    157 |   1 | 1053.0 |
      Ice Cave |   1383 |   1383 |      0 |    659 |    249 |   1 | 1383.0 |
               +--------+--------+--------+--------+--------+-----+--------+

Top non-repeatable levels by time:
 Crypt:3: 4505 daAuts
   Zot:5: 3969 daAuts
Depths:3: 3376 daAuts
Depths:2: 3287 daAuts
Vaults:1: 3271 daAuts
    D:12: 3205 daAuts
   Elf:3: 3188 daAuts
    D:14: 3166 daAuts
Vaults:3: 3054 daAuts
 Crypt:2: 2992 daAuts
Spider:4: 2976 daAuts
 Swamp:4: 2893 daAuts
  Lair:5: 2881 daAuts
Vaults:5: 2838 daAuts
Vaults:4: 2753 daAuts

Table legend:
 A = Kills in this place as a percentage of kills in the entire game.
 B = Kills by you in this place as a percentage of kills by you in the entire game.
 C = Kills by friends in this place as a percentage of kills by friends in the entire game.
 D = Other kills in this place as a percentage of other kills in the entire game.
 E = Experience gained in this place as a percentage of experience gained in the entire game.
 F = Experience gained in this place divided by the number of levels of this place that you have seen.
                   A       B       C       D       E      F
               +-------+-------+-------+-------+-------+----------------------
         Total | 100.0 | 100.0 | 100.0 | 100.0 | 100.0 | 24134.2
       Dungeon |  17.8 |  17.9 |  20.0 |   0.0 |   6.4 | 5955.9
          Lair |   7.3 |   7.3 |   0.0 |   6.2 |   4.4 | 12295.4
         Swamp |   7.3 |   7.1 |   0.0 |  37.5 |   7.2 | 25244.2
   Spider Nest |   8.5 |   8.4 |  20.0 |  25.0 |   7.3 | 25656.5
    Slime Pits |   6.1 |   6.2 |   0.0 |   0.0 |   5.2 | 14458.8
  Orcish Mines |   4.4 |   4.3 |   0.0 |   6.2 |   0.9 | 6614.0
   Elven Halls |   5.8 |   5.9 |   0.0 |   0.0 |   7.4 | 34667.7
        Vaults |  16.2 |  16.2 |   0.0 |  25.0 |  20.7 | 57835.4
         Crypt |   9.6 |   9.7 |   0.0 |   0.0 |  11.9 | 55603.0
        Depths |   7.7 |   7.7 |  20.0 |   0.0 |  11.2 | 39123.8
           Zot |   5.7 |   5.7 |  40.0 |   0.0 |  16.2 | 45467.0
        Bailey |   2.1 |   2.1 |   0.0 |   0.0 |   0.2 | 3210.0
      Ice Cave |   1.5 |   1.5 |   0.0 |   0.0 |   0.9 | 12816.0
               +-------+-------+-------+-------+-------+----------------------

Levels and vault maps discovered:
D:1:      lightli_iron_boxes, layout_basic, nrook_mini_backslash
D:2:      layout_basic, grunt_decor_one_mirror, uniq_sigmund, uniq_jessica
D:3:      minmay_roachtagon, layout_basic, general_overflow_altar
D:4:      layout_basic, serial_shops, shop, shop, nicolae_shop_dealshenge,
          nicolae_shop_advertising_works [nicolae_subvault_shop_adworks],
          nicolae_shop_hallway_stairs, st_stairs_7, serial_park_tiny_pond,
          uniq_natasha, uniq_blork_the_orc
D:5:      layout_basic, minmay_temple_entry_poolview, serial_shops,
          nicolae_shop_just_a_little_nook
D:6:      layout_loops_ring, minmay_misc_feat_chi, uniq_crazy_yiuf_cottage,
          uniq_pikel, uniq_grinder
D:7:      layout_basic, jmf_multi_god_temple2
D:8:      old_forge, layout_basic, nicolae_overflow_crystal_walls, minitemple,
          kennysheep_nondescript, nrook_pool_corridor
D:9:      layout_irregular_city, orc_0_dummy, enter_bailey_8, minmay_between
D:10:     layout_roguey, erik_lair_island, gammafunk_ghost_spectres
D:11:     layout_irregular_city, nicolae_dithmenos_through_a_glass_darkly,
          uniq_psyche
D:12:     minmay_the_grid_triangle_9x9_recursive_3_mashed
          [minmay_the_grid_triangle_9x9_intruding_spiral,
          minmay_the_grid_triangle_9x9_minimal,
          minmay_the_grid_triangle_9x9_negative_grid,
          minmay_the_grid_triangle_9x9_prize_schism,
          minmay_the_grid_triangle_9x9_dagger,
          minmay_the_grid_triangle_9x9_sprig,
          minmay_the_grid_triangle_9x9_odd_lines,
          minmay_the_grid_triangle_9x9_limited_checkers,
          minmay_the_grid_triangle_9x9_steps], layout_gridville,
          nicolae_specific_store, uniq_maurice, uniq_erolcha, uniq_fannar
D:13:     layout_roguey
D:14:     layout_basic, hangedman_vaults_entry_quadrant_bands,
          cheibrodos_ashenzari_chains, trove_entry_hex_spiral, uniq_jorgrun,
          uniq_louise, uniq_roxanne
D:15:     grunt_enter_depths_snipers, layout_basic,
          chequers_serial_rivers_small_b
Lair:1:   layout_roguey, uniq_grum, uniq_nergalle, uniq_prince_ribbit2
Lair:2:   layout_layer_cave, spider_nest_entry_web_field, uniq_sonja
Lair:3:   layout_long_grid, skrybe_swamp_entry_bodies, serial_forest,
          infiniplex_forest_zigzag_1, infiniplex_forest_lined_room_2,
          infiniplex_forest_clump_diagonal, infiniplex_forest_end_2,
          infiniplex_forest_clump_long, infiniplex_forest_clump_long,
          infiniplex_forest_end_2, portal_ice_cave_entry_animals_and_master,
          uniq_gastronok
Lair:4:   layout_layer_cave, grunt_megastairs_3, serial_bayou_shore_b,
          uniq_urug, uniq_rupert
Lair:5:   grunt_lair_end_beastmaster, layout_concentric_octagons,
          nicolae_slime_entry_field_trip, minmay_lindwurm_lava
Swamp:1:  layout_basic_swamp, evilmike_swamp_ruin_rubble_2, swamp_pool_1_2,
          uniq_nikola
Swamp:2:  layout_basic_swamp, evilmike_swamp_ruin_house_6,
          nicolae_swamp_stair_fork
Swamp:3:  nzn_winding_woodlands_cross [nzn_winding_woodlands_5x15_sawtooth,
          nzn_winding_woodlands_5x15_twine,
          nzn_winding_woodlands_5x15_pathside_ponds,
          nzn_winding_woodlands_5x15_river_crossing,
          nzn_winding_woodlands_15x15_five_gardens], layout_basic_swamp,
          nicolae_swamp_reclaimed_castle, uniq_mara
Swamp:4:  swamp_pestilence, layout_basic_swamp, swamp_pool_4,
          cheibrodos_swamp_witchery, infiniplex_staircase_pool_2
Spider:1: layout_spider_delve, worms_lemuel
Spider:2: layout_spider_delve, hangedman_spider_tarantella_strand, uniq_donald,
          uniq_aizul, uniq_arachne
Spider:3: layout_spider_delve
Spider:4: grunt_spider_rune_circles
Slime:1:  layout_caves
Slime:2:  layout_caves
Slime:3:  layout_caves
Slime:4:  layout_caves
Slime:5:  slime_pit_nicolae_block_by_block
Orc:1:    layout_caves, serial_shops, shop
Orc:2:    st_orc_town, layout_diamond_mine, uniq_nessos
Elf:1:    layout_loops_ring, minmay_elf_crystal_heptagon, evilmike_ambush
          [evilmike_ambush_outer_doors, evilmike_ambush_inner_wall_2],
          uniq_azrael
Elf:2:    elven_hall_of_blades_hangedman_alternative
          [mumra_blade_entry_bloodbath], layout_gridlike, serial_shops, shop,
          hellmonk_guarded_unrand_damnation, uniq_norris
Elf:3:    minmay_elf_hall_x, layout_onion_city, basic_altar,
          wad_floor_pattern_untrapped
Vaults:1: v_pattern_2, nicolae_vaults_layer_cake_slice, grunt_vaults_twisty,
          nicolae_vaults_rhombus_7, nicolae_vaults_house_2,
          layout_vaults_omnigrid, serial_shops, nicolae_shop_gibbet_a_chance,
          nicolae_shop_dealshenge, nicolae_shop_temple_entry_statues_fountains,
          shop, nicolae_shop_hallway_stairs, uniq_saint_roka, uniq_zenata
Vaults:2: v_misc_10, minmay_crypt_entry_necro_gods, vaults_dpeg_hooks,
          vaults_mumra_chevron_long, vaults_mumra_minichess,
          nicolae_vaults_hexular_roomagon, ontoclasm_vaults_pinch,
          nicolae_vaults_diamond_1, nicolae_vaults_corridor_and_loot_room,
          nicolae_vaults_closet_pinwheel_6, vaults_dpeg_encased_lava,
          v_pattern_5, nicolae_vaults_weapon_check, nicolae_vaults_alarming,
          layout_vaults_big_cross
Vaults:3: ontoclasm_vaults_ring_large, hangedman_vaults_hat,
          nicolae_vaults_wine_cellar, nicolae_vaults_network_star,
          hangedman_vaults_trim, vaults_mumra_hexcomb, st_squares,
          hangedman_vaults_stretched_pinwheel, nicolae_vaults_yaktaur_gun_rack,
          vaults_dpeg_ring, vaults_room_grid, nicolae_vaults_lightning_bolt,
          nicolae_vaults_variable_pillar_hall, layout_vaults_ring
Vaults:4: nicolae_vaults_circle_grid_b, nicolae_vaults_stepped_doors,
          nicolae_vaults_network_s, nicolae_vaults_storage_room_statues,
          nicolae_vaults_ninety_degrees, nicolae_vaults_storage_room_water,
          nicolae_vaults_little_squares_5, v_misc_30, v_misc_3,
          nicolae_vaults_storage_room_glass, dpeg_vaults_monster_row,
          nicolae_vaults_asterisk, layout_vaults_maze_bifur, serial_shops, shop
Vaults:5
Crypt:1:  layout_catacombs, minivault_25
Crypt:2:  layout_gridlike, nicolae_crypt_vampire_mansion, grunt_megastairs_2
Crypt:3:  evilmike_haunted_forest, uniq_xtahua, uniq_margery
Depths:1: layout_roguey, enter_ziggurat_b, lightli_too_deep,
          serial_bayou_lagoon_a, minmay_misc_feat_columns,
          minmay_shop_enchanted_jewellery, minmay_starry_boxes, uniq_asterion
Depths:2: minmay_glassy_protrusions, layout_gridlike, hell_entry,
          grunt_decor_mini_mirrors, pan_entry, grunt_megastairs_4,
          infiniplex_staircase_spiral
Depths:3: regret_index_all_hallows'_manor, layout_gridlike, abyss_entry,
          nrook_mini_vaults, hell_entry, minmay_staircase_statues
Depths:4: evilmike_zot_entry_basic, layout_gridville, serial_shops,
          nicolae_shop_tiny_real_fake_doors, abyss_entry_flame_altar,
          hell_entry, minmay_misc_feat_diagonals, nicolae_shop_firing_range
Zot:1:    layout_onion_interference, grunt_ministairs_12,
          hangedman_feature_mirror, uniq_grunn
Zot:2:    gammafunk_its_a_trap, layout_gridlike
Zot:3:    layout_cathedral_of_symmetry, regret_index_zotdec_alabaster_prism
Zot:4:    layout_gridlike
Zot:5:    layout_concentric_octagons

Action                     |  1- 3 |  4- 6 |  7- 9 | 10-12 | 13-15 | 16-18 | 19-21 | 22-24 | 25-27 || total
---------------------------+-------+-------+-------+-------+-------+-------+-------+-------+-------++-------
  Melee: Short sword       |     2 |       |       |       |       |       |       |       |       ||     2
         Hand axe          |       |     9 |    25 |       |       |       |       |       |       ||    34
         War axe           |       |       |    16 |    24 |       |       |       |       |       ||    40
         Dagger            |       |       |       |    43 |   222 |     8 |    16 |    18 |    20 ||   327
         Morningstar       |       |       |       |       |   297 |   604 |   494 |     5 |     6 ||  1406
         Double sword      |       |       |       |       |       |     1 |    11 |   569 |   153 ||   734
         Staff             |       |       |       |       |       |    33 |       |       |       ||    33
   Fire: Longbow           |       |       |       |    30 |       |       |       |       |       ||    30
  Throw: Dart              |       |       |       |     7 |     4 |       |       |       |       ||    11
         Javelin           |       |       |       |       |       |     1 |       |       |       ||     1
   Cast: Foxfire           |    54 |    49 |    98 |    74 |   113 |   103 |    24 |       |       ||   515
         Scorch            |     4 |    19 |   130 |   142 |   115 |       |       |       |       ||   410
         Flame Wave        |       |     1 |     2 |    52 |    79 |    74 |    20 |       |       ||   228
         Freezing Cloud    |       |       |       |    10 |   230 |   321 |   158 |    25 |     5 ||   749
         Mephitic Cloud    |       |       |       |       |    20 |    23 |    12 |     7 |       ||    62
         Blink             |       |       |       |       |     4 |     2 |       |     1 |       ||     7
         Sticky Flame      |       |       |       |       |    11 |   132 |   102 |    42 |       ||   287
         Ignition          |       |       |       |       |     2 |    42 |    16 |    41 |     6 ||   107
         Ignite Poison     |       |       |       |       |       |    11 |     9 |     4 |       ||    24
         Orb of Destructio |       |       |       |       |       |    43 |    56 |   161 |    85 ||   345
         Plasma Beam       |       |       |       |       |       |       |    84 |   593 |    76 ||   753
         Irradiate         |       |       |       |       |       |       |       |    20 |    15 ||    35
         Manifold Assault  |       |       |       |       |       |       |       |    45 |    26 ||    71
         Passage of Golubr |       |       |       |       |       |       |       |       |     8 ||     8
         Malign Gateway    |       |       |       |       |       |       |       |       |     1 ||     1
  Evoke: Wand              |       |       |     1 |     2 |    12 |    26 |     4 |    10 |    10 ||    65
         Box of beasts     |       |       |       |       |     1 |     4 |       |       |     1 ||     6
         Phial of floods   |       |       |       |       |       |     2 |     1 |     2 |       ||     5
         Phantom mirror    |       |       |       |       |       |     2 |     1 |     1 |     1 ||     5
         Lightning rod     |       |       |       |       |       |     7 |     5 |     7 |       ||    19
         Condenser vane    |       |       |       |       |       |     2 |     1 |     1 |     1 ||     5
    Use: Scroll            |       |     1 |     8 |    10 |    18 |    17 |     1 |    19 |     3 ||    77
         Potion            |       |       |       |     2 |    12 |    21 |     1 |    16 |     6 ||    58
   Stab: Sleeping          |       |       |     1 |       |     5 |     2 |     2 |     3 |       ||    13
         Distracted        |       |       |     1 |       |     1 |     1 |     1 |     1 |       ||     5
         Paralysed         |       |       |       |       |     2 |     6 |       |       |       ||     8
         Confused          |       |       |       |       |     4 |     2 |       |     3 |       ||     9
         Invisible         |       |       |       |       |       |     2 |       |       |       ||     2
 Armour: Robe              |    10 |    10 |     2 |       |       |       |       |       |       ||    22
         Leather armour    |       |       |    59 |       |       |       |       |       |       ||    59
         Scale mail        |       |       |    11 |   172 |   642 |  1209 |   569 |   548 |   146 ||  3297
  Dodge: Dodged            |     8 |    23 |    43 |   101 |   389 |   597 |   317 |   329 |    88 ||  1895
         Repelled          |       |       |       |       |       |     4 |    49 |    21 |       ||    74
  Block: Buckler           |       |       |     9 |    50 |   281 |   347 |   155 |    40 |    59 ||   941
         Kite shield       |       |       |       |       |       |       |       |    41 |       ||    41
